AoeStats
← NDF

Marketplace

504390798Analyzed
1v1 RM · 27d ago on Sep 5, 2026· 51m 53s· 2 players
Game mode
Random Map
Map size
Tiny (2 player)
Population
200
Speed
Normal
Resources
Standard
Victory
Conquest
Starting age
Dark Age
Ending age
Imperial Age
RankedLock teamsTeams togetherTeam positionsShared explorationLock speedFull tech treeHidden civsTurbo modeCheats
Victory
Defeat
🇺🇸 Vietnamese · United States
535
+14
🇦🇷 Teutons · Argentina
492
-14
NDF
3:30 Loom
13:56 Feudal Age
23:36 Castle Age
21:38 Man-at-Arms
22:16 Horse Collar
23:29 Double-Bit Axe
23:40 Gold Mining
23:42 Stone Mining
24:00 Elite Skirmisher
25:40 Forging
29:06 Stone Shaft Mining
32:54 Iron Casting
39:13 Imperial Age
38:36 Wheelbarrow
37:47 Town Watch
39:04 Bow Saw
45:26 Heavy Plow
47:04 Fletching
47:15 Padded Archer Armor
47:17 Scale Mail Armor
Josè Matrì
0:44 Loom
14:02 Feudal Age
15:24 Wheelbarrow
14:54 Horse Collar
15:09 Double-Bit Axe
21:40 Castle Age
20:31 Fletching
20:41 Padded Archer Armor
23:02 Crossbowman
23:48 Thumb Ring
24:02 Hand Cart
26:31 Heavy Plow
26:44 Bow Saw
27:39 Pikeman
30:18 Town Watch
31:05 Squires
31:06 Bodkin Arrow
31:27 Leather Archer Armor
31:22 Forging
31:13 Scale Mail Armor
31:19 Scale Barding Armor
35:51 Bloodlines
37:41 Ballistics
37:38 Caravan
38:00 Husbandry
41:37 Chatras
46:05 Imperial Age
49:07 Paper Money
48:55 Capped Ram
Connection lost

Rejoining the realm…

Still unreachable

The connection could not be restored.

Session expired

The server has moved on; the page needs a fresh start.